 Dungeon Crawl Stone Soup version 0.29.0-5-ge4962eb29e (webtiles) character file.

Game seed: 9729494053089666067

51 Arcadio the Sneak (level 3, -2/28 HPs)
             Began as a Naga Fire Elementalist on Aug 29, 2022.
             Slain by an adder (4 damage)
             ... on level 2 of the Dungeon.
             The game lasted 00:06:36 (1684 turns).

Arcadio the Sneak (Naga Fire Elementalist)          Turns: 1684, Time: 00:06:37

Health: -2/28      AC:  2    Str: 10    XL:     3   Next: 83%
Magic:  5/6        EV: 10    Int: 17    God:
Gold:   51         SH:  0    Dex: 11    Spells: 6/7 levels left

rFire   . . .      SeeInvis +   g - +0 dagger
rCold   . . .      Faith    .   (no shield)
rNeg    . . .      Spirit   .   a - +0 robe
rPois   +          Reflect  .   (no helmet)
rElec   .          Harm     .   (no cloak)
rCorr   .          Rampage  .   (no gloves)
Will    .....                   (no barding)
Stlth   ++........              (no amulet)
HPRegen 0.09/turn               (no ring)
MPRegen 0.10/turn               (no ring)

@: very slow
A: AC +1, large, see invisible, deformed body, poison resistance, slowness 2,
spit poison 1, naga tail 1
a: Spit Poison


You were on level 2 of the Dungeon.
You visited 1 branch of the dungeon, and saw 2 of its levels.

You collected 51 gold pieces.

Inventory:

Hand Weapons
 g - a +0 dagger (weapon)
Armour
 a - a +0 robe (worn)
Wands
 c - a wand of paralysis (7)
Scrolls
 f - a scroll of enchant armour {unknown}
 h - a scroll of enchant weapon {unknown}
Potions
 b - a potion of magic
 d - 2 potions of resistance
 e - 2 potions of haste
 i - a potion of lignification {unknown}
 j - a potion of flight {unknown}
 k - a potion of degeneration {unknown}


   Skills:
 + Level 2.1 Dodging
 + Level 4.0 Stealth
 + Level 2.5 Spellcasting
 - Level 1.0 Conjurations
 + Level 3.4 Fire Magic


You had 6 spell levels left.
You knew the following spells:

 Your Spells              Type           Power      Damage    Failure   Level
a - Foxfire               Conj/Fire      36%        2x1d5     8%          1

Your spell library contained the following spells:

 Spells                   Type           Power      Damage    Failure   Level
 Scorch                   Fire           26%        2d6       7%          2
 Conjure Flame            Conj/Fire      9%         6-21      22%         3
 Inner Flame              Hex/Fire       8%         N/A       26%         3
 Flame Wave               Conj/Fire      9%         2d6       58%         4
 Airstrike                Air            1%         2d(1-17)  88%         4
 Summon Lightning Spire   Summ/Air       2%         N/A       88%         4
 Lightning Bolt           Conj/Air       1%         1d12      99%         5


Dungeon Overview and Level Annotations

Branches:
Dungeon (2/15) Zot: 9939

Altars:
Wu Jian

Shops:
D:2 (


Innate Abilities, Weirdness & Mutations

Your serpentine skin is tough. (AC +1)
You have supernaturally acute eyesight. (SInv)
Armour fits poorly on your strangely shaped body.
Your system is resistant to poisons. (rPois)
You cover ground very slowly.
You can spit poison.
You have a snake-like lower body.


Message History

The adder barely misses you.
You hit the adder but do no damage.
The adder is heavily wounded.
You have got your breath back.
The adder closely misses you.
You closely miss the adder.
The adder is heavily wounded.
The adder bites you but does no damage. The adder closely misses you.
You hit the adder but do no damage.
The adder is heavily wounded.
The adder bites you.
You hit the adder but do no damage.
The adder is heavily wounded.
The adder bites you.
Aiming: Spit Poison (2% risk of failure)
Press: ? - help, Q - select action, (/) - cycle Shift-Dir - straight line, f/p - adder
Aim: an adder (heavily wounded, 37% to hit)
The splash of poison hits the adder.
The adder is severely wounded.
The adder barely misses you. The adder completely misses you.
You miss the adder.
The adder is severely wounded.
The adder bites you.
You hit the adder but do no damage.
The adder is severely wounded.
The adder bites you.
* * * LOW HITPOINT WARNING * * *
You miss the adder.
The adder is severely wounded.
The adder bites you.
* * * LOW HITPOINT WARNING * * *
The adder bites you.
* * * LOW HITPOINT WARNING * * *
The adder bites you.
* * * LOW HITPOINT WARNING * * *
You barely miss the adder.
The adder is severely wounded.
You have got your breath back.
The adder bites you.
You die...

##..<.##..........._...#
.###÷..##.....)........#
..#...÷.#..............#
##......÷†.............#
...).∩.............#####
##.................#
###.....#.............
####...###############
...>.......†...S@....+
########.#############
#....# ##§..# ..g# ...+
...# ...# ...#


You could see an adder.

Vanquished Creatures
  An adder (D:2)
  2 dart slugs (D:1)
  A ball python (D:2)
  4 bats
  5 endoplasms
  2 giant cockroaches (D:1)
  2 goblins (D:1)
  5 hobgoblins
  3 kobolds
  4 quokkas (D:1)
  A frilled lizard (D:1)
  3 rats
33 creatures vanquished.

Vanquished Creatures (others)
  59 foxfires
59 creatures vanquished.

Grand Total: 92 creatures vanquished

Notes
Turn   | Place    | Note
-------+----------+-------------------------------------------
     0 | D:1      | Arcadio the Naga Fire Elementalist began the quest for the
                  | Orb.
     0 | D:1      | Reached XP level 1. HP: 15/15 MP: 3/3
   330 | D:1      | Found a faded altar of an unknown god.
   346 | D:1      | Reached XP level 2. HP: 22/22 MP: 3/5
   715 | D:1      | Reached XP level 3. HP: 20/28 MP: 2/6
  1273 | D:2      | Found Bentuiv's Weapon Boutique.
  1294 | D:2      | Reached skill level 4 in Stealth
  1322 | D:2      | Found an ornate altar of the Wu Jian Council.
  1684 | D:2      | Slain by an adder

Illustrated notes

Levels and vault maps discovered:
D:1:      minmay_arrival_four_houses, layout_basic,
          ebering_ecumenical_altar_ruins, st_stairs_3, grunt_decor_clamped,
          serial_bayou_pond_e, serial_bayou_lagoon_b
D:2:      kennysheep_six_static_rooms, layout_basic, basic_altar, serial_shops,
          nicolae_shop_bloodbath_and_beyond

Skill      XL: |  1  2  3 |
---------------+----------+-----
Dodging        | 2 |  2.1
Stealth        | 4 |  4.0
Spellcasting   | |  2.5
Conjurations   | |  1.0
Fire Magic     | |  3.4

Action                   || total
-------------------------++-------
Melee: Dagger            ||    44
 Cast: Foxfire           ||    38
 Abil: Spit Poison       ||    17
  Use: Scroll            ||     2
 Stab: Sleeping          ||     2
Armor: Robe              ||     7
Dodge: Dodged            ||    42
